 Dungeon Crawl Stone Soup version 0.27-a0-1217-g8a41f320e8 (webtiles) character file.

Game seed: 2526749744184315135

9067 quinnr the Thaumaturge (level 11, 0/81 HPs)
             Began as a Djinni Air Elementalist on June 5, 2021.
             Was a Believer of Makhleb.
             Engulfed by a cloud of freezing vapour (40 damage)
             ... in an ice cave.
             The game lasted 00:27:11 (16520 turns).

quinnr the Thaumaturge (Djinni Air Elementalist)   Turns: 16520, Time: 00:27:11

Health: 0/81       AC:  4    Str:  7    XL:     11   Next: 67%
Gold:   549        EV: 16    Int: 23    God:    Makhleb [**....] SH:  0 Dex: 15

rFire    + + .     SeeInvis .   h - +4 dagger (venom)
rCold    x . .     Faith    .   (no shield)
rNeg     . . .     Spirit   .   a - +0 robe
rPois    ∞         Reflect  .   (no helmet)
rElec    .         Harm     .   (no cloak)
rCorr    .         Rampage  .   y - +1 pair of gloves of Vyawn {Int+4 Stlth+}
Will     ++...                  (boots unavailable)
Stlth    ++++......             (no amulet)
HPRegen  0.23/turn              g - ring of wizardry
MPRegen  0.00/turn              E - ring of willpower

@: flying
A: sickness immunity, fire resistance 2, cold vulnerability 1, float, innate
caster, hp casting, extra vitality 1
a: Renounce Religion, Minor Destruction


You were in an ice cave.
You worshipped Makhleb.
Makhleb was pleased with you.
You visited 2 branches of the dungeon, and saw 12 of its levels.
You also visited: Ice Cave.

You collected 549 gold pieces.

Inventory:

Hand Weapons
 h - a +4 dagger of venom (weapon)
Missiles
 C - a curare-tipped dart
 I - 2 throwing nets
Armour
 a - a +0 robe (worn)
 y - the +1 pair of gloves of Vyawn (worn) {Int+4 Stlth+}
   (You found it on level 6 of the Dungeon)

   It affects your intelligence (+4).
   It makes you more stealthy.
Jewellery
 d - an amulet of magic regeneration
 g - a ring of wizardry (left hand)
 E - a ring of willpower (right hand)
 G - a +6 ring of intelligence
Wands
 n - a wand of paralysis (7)
 q - a wand of digging (9)
 s - a wand of flame (21)
 v - a wand of mindburst (11)
 w - a wand of charming (6)
Scrolls
 b - 5 scrolls of blinking
 e - 2 scrolls of amnesia
 i - 3 scrolls of enchant armour
 j - 2 scrolls of magic mapping
 m - 2 scrolls of immolation
 p - a scroll of fog
 u - a scroll of noise {unknown}
 J - 2 scrolls of identify
Potions
 c - 3 potions of brilliance
 f - 4 potions of heal wounds
 k - a potion of cancellation
 l - 4 potions of attraction
 o - 5 potions of flight
 r - 2 potions of might
 t - 3 potions of curing {unknown}
 x - 2 potions of lignification
 z - 2 potions of haste
 A - a potion of mutation
 B - a potion of ambrosia
 D - a potion of invisibility
 F - a potion of magic {unknown}
Miscellaneous
 H - a box of beasts
 K - a phial of floods


   Skills:
 + Level 8.0 Fighting
 + Level 8.7 Dodging
 - Level 5.0 Stealth
 - Level 10.0 Spellcasting
 + Level 1.2 Evocations


You had one spell level left.
You knew the following spells:

 Your Spells              Type           Power      Damage    Failure   Level
a - Shock                 Conj/Air       100%       1d9       1%          1
b - Static Discharge      Conj/Air       55%        N/A       1%          2
c - Swiftness             Air            55%        N/A       1%          3
d - Airstrike             Air            27%        N/A       1%          4
e - Lightning Bolt        Conj/Air       27%        1d44      1%          5
f - Pain                  Necr           100%       1d9       1%          1
g - Searing Ray           Conj           100%       3d7       1%          2
h - Spider Form           Tmut/Pois      27%        N/A       1%          3
i - Summon Guardian Gole  Hex/Summ       55%        N/A       1%          3
j - Lee's Rapid Deconstr  Erth           27%        3d16*     1%          5
Your spell library was empty.

Dungeon Overview and Level Annotations

Branches:
Dungeon (11/15)            Temple (1/1) D:7            Lair (0/6) D:9
    Orc (0/2) D:10          IceCv (1/1)

Altars:
Ashenzari
Cheibriados
Dithmenos
Elyvilon
Fedhas
Gozag
Hepliaklqana
Kikubaaqudgha
Makhleb
Nemelex Xobeh
Okawaru
Qazlal
Ru
Sif Muna
Trog
Uskayaw
Vehumet
Wu Jian
Xom
Yredelemnul
Zin
The Shining One


Innate Abilities, Weirdness & Mutations

You are immune to sickness and miasma.
You are immune to poison.
Your flesh is very heat resistant. (rF++)
You are vulnerable to cold. (rC-)
You float through the air rather than walking.
You learn spells naturally, not from books.
Your magical power is your life essence.
You have superior vitality. (+4 HP)


Message History

There is an ice choked empty arch of ancient stone here.
You see here a polar bear skeleton.
A wolf comes into view.
Casting: Airstrike (safe; 1% risk of failure)
Confirm with . or Enter, or press ? or * to list all spells.
Aiming: Airstrike (safe; 1% risk of failure)
Press: ? - help, Dir - move target, f - wolf
Aim: a wolf (asleep)
The air twists around and strikes the wolf!
The wolf howls!
The wolf is moderately wounded.
Unknown command.
Casting: Airstrike (safe; 1% risk of failure)
Confirm with . or Enter, or press ? or * to list all spells.
Aiming: Airstrike (safe; 1% risk of failure)
Press: ? - help, Dir - move target, f/p - wolf
Aim: a wolf (moderately wounded)
The air twists around and strikes the wolf!
The wolf is almost dead.
Unknown command.
Casting: Airstrike (safe; 1% risk of failure)
Confirm with . or Enter, or press ? or * to list all spells.
Aiming: Airstrike (safe; 1% risk of failure)
Press: ? - help, Dir - move target, f/p - wolf
Aim: a wolf (almost dead)
The air twists around and strikes the wolf!
You kill the wolf!
Makhleb accepts your kill.
Your Fighting skill increases to level 8!
You are engulfed in freezing vapours.
Unknown command.
You are engulfed in freezing vapours.
* * * LOW HITPOINT WARNING * * *
You start resting.
You are engulfed in freezing vapours.
* * * LOW HITPOINT WARNING * * *
You start resting.
You are engulfed in freezing vapours.
You are engulfed in freezing vapours.
You die...

####
#..##
#.∩.#
##..##
#.∩.#
#...#
#...##
##...#
#°○@##
##°°#
##○##
#○○##
##○○##
##○°##
#○○☼.#
#☼#°☼##
##○.##


There were no monsters in sight!

Vanquished Creatures
  Harold (D:10)
  Pikel (D:6)
  A polar bear (IceCv)
  Grinder (D:3)
  A wraith (D:9)
  A shadow (D:9)
  A vampire (D:10)
  A wyvern (D:9)
  11 yaks
  2 basilisks (D:9)
  Edmund (D:6)
  4 water moccasins (D:9)
  An ice beast (D:7)
  A sky beast (D:5)
  5 orc warriors
  A necrophage (D:6)
  3 wolves (IceCv)
  4 ogres (D:5)
  3 centaurs
  3 lemures (D:7)
  A kobold brigand (D:8)
  3 phantoms
  4 bullfrogs
  2 wyvern zombies
  2 scorpions
  4 killer bees
  7 howler monkeys
  A vampire bat (D:3)
  A bullfrog zombie (D:6)
  A centaur zombie (D:10)
  2 hounds
  5 jellies
  4 gnoll shamans
  5 orc priests
  3 iguanas
  Natasha (thrice) (D:3)
  6 orc wizards
  A mummy (D:5)
  Robin (D:2)
  4 adders
  15 gnolls
  A shadow imp (D:8)
  An ufetubus (D:6)
  An adder skeleton (D:4)
  2 dart slugs (D:2)
  3 fire bats (D:3)
  21 orcs
  2 spectral bats (D:3)
  3 bat skeletons (D:3)
  A bat zombie (D:3)
  5 endoplasms
  2 giant cockroaches (D:2)
  13 goblins
  11 hobgoblins
  5 jackals
  6 kobolds
  3 quokkas
  6 ball pythons
  13 bats
  A bat simulacrum (D:3)
  A frilled lizard (D:3)
223 creatures vanquished.

Vanquished Creatures (others)
  A two-headed ogre (D:9)
  A yak (IceCv)
  A quokka (D:5)
  2 bushes (D:9)
  3 fungi (D:9)
  18 plants (D:9)
26 creatures vanquished.

Grand Total: 249 creatures vanquished

Notes
Turn   | Place    | Note
-------+----------+-------------------------------------------
     0 | D:1      | quinnr the Djinni Air Elementalist began the quest for the
                  | Orb.
     0 | D:1      | Reached XP level 1. HP: 15/15 MP: 0/0
     8 | D:1      | Found a faded altar of an unknown god.
   314 | D:1      | Reached XP level 2. HP: 17/21 MP: 0/0
  1035 | D:2      | Reached skill level 3 in Spellcasting
  1448 | D:2      | Reached XP level 3. HP: 23/25 MP: 0/0
  1448 | D:2      | Learned a level 1 spell: Pain
  1882 | D:2      | Found a stormy altar of Qazlal.
  1926 | D:2      | Noticed Robin
  2131 | D:2      | Killed Robin
  2132 | D:2      | Reached XP level 4. HP: 18/31 MP: 0/0
  2961 | D:3      | Noticed Grinder
  3087 | D:3      | Noticed Natasha
  3091 | D:3      | Killed Natasha
  3092 | D:3      | Reached skill level 4 in Spellcasting
  3212 | D:3      | Reached XP level 5. HP: 33/35 MP: 0/0
  3212 | D:3      | Learned a level 2 spell: Searing Ray
  3422 | D:3      | Noticed Natasha
  3428 | D:3      | Killed Natasha
  3523 | D:3      | Noticed Natasha
  3532 | D:3      | Killed Natasha
  3821 | D:3      | Found an iron altar of Okawaru.
  4082 | D:3      | Reached skill level 5 in Spellcasting
  4082 | D:3      | Reached XP level 6. HP: 24/40 MP: 0/0
  4581 | D:3      | quinnr: ??swiftness
  4581 | D:3      | beem: swiftness[1/2]: Level 2 Charms/Air. Swiftness has two
                  | stages of equal duration: the first decreases move delay by
                  | 25%, the second increases it by 50%. The duration for each
                  | stage is min(30,12+floor(random2(power)/2))*10 aut.
  4592 | D:3      | Killed Grinder
  4593 | D:3      | Reached skill level 6 in Spellcasting
  4593 | D:3      | Reached XP level 7. HP: 23/45 MP: 0/0
  4593 | D:3      | Learned a level 3 spell: Spider Form
  4888 | D:4      | Found a bloodstained altar of Trog.
  4960 | D:4      | You are sucked into a shaft and drop 2 floors!
  4981 | D:5      | Entered Level 5 of the Dungeon
  5233 | D:4      | Found a hazy altar of Hepliaklqana.
  5234 | D:4      | Found a shimmering altar of Xom.
  5235 | D:4      | quinnr: !whichgod DjIE
  5235 | D:4      | beem: 28 recent wins for DjIE: 12x Makhleb, 7x Ashenzari,
                  | 2x Lugonu, 2x Qazlal, Okawaru, Cheibriados, Gozag,
                  | Hepliaklqana, Ru
  5235 | D:4      | Noticed a spectral ugly thing
  5272 | D:4      | Found an opulent altar of Gozag.
  5304 | D:4      | Identified the +11 crystal plate armour of Altruism {Will+
                  | Dex+4}
  5331 | D:4      | Reached XP level 8. HP: 43/50 MP: 0/0
  5388 | D:4      | Reached skill level 7 in Spellcasting
  5743 | D:4      | Found an ornate altar of the Wu Jian Council.
  6864 | D:5      | Found a snail-covered altar of Cheibriados.
  6943 | D:5      | Found a white marble altar of Elyvilon.
  7075 | D:5      | Reached skill level 8 in Spellcasting
  7426 | D:5      | Found a glowing golden altar of the Shining One.
  7584 | D:6      | Reached XP level 9. HP: 47/55 MP: 0/0
  7584 | D:6      | Learned a level 3 spell: Summon Guardian Golem
  7726 | D:6      | Noticed Edmund
  7866 | D:6      | Killed Edmund
  7867 | D:6      | Reached skill level 9 in Spellcasting
  8001 | D:6      | Reached skill level 1 in Fighting
  8317 | D:6      | Found a stormy altar of Qazlal.
  8605 | D:6      | Identified the +1 pair of gloves of Vyawn {Int+4 Stlth+}
  8974 | D:7      | Found a staircase to the Ecumenical Temple.
  9223 | Temple   | Entered the Ecumenical Temple
  9522 | Temple   | Became a worshipper of Makhleb the Destroyer
 10431 | D:7      | Noticed Pikel
 10694 | D:6      | Killed Pikel
 10695 | D:6      | Reached skill level 5 in Fighting
 10695 | D:6      | Reached skill level 5 in Dodging
 10695 | D:6      | Reached XP level 10. HP: 57/70 MP: 0/0
 11326 | D:7      | Found a basalt altar of Yredelemnul.
 12968 | D:9      | Reached * piety under Makhleb
 13241 | D:9      | Found a staircase to the Lair.
 13270 | D:9      | Noticed a two-headed ogre
 13467 | D:9      | Reached XP level 11. HP: 72/78 MP: 0/0
 13467 | D:9      | Learned a level 5 spell: Lee's Rapid Deconstruction
 13468 | D:9      | quinnr: ??LRD
 13468 | D:9      | beem: lrd[1/2]: Lee's Rapid Deconstruction: Turns walls,
                  | doors, and arches into explosions. Causes lots of
                  | undodgeable damage to anything foolish enough to be near
                  | the wall (but AC is applied thrice). Prior to 0.22, could
                  | break walls and doors like {shatter}.
 13468 | D:9      | quinnr: ??LRD[2
 13468 | D:9      | beem: lrd[2/2]: LRD also works on enemies with varying
                  | effectiveness. Regular enemies are untargetable, but
                  | statues, most golems, and anything petrified or made of
                  | metal, rock, ice or bone will be damaged and spray
                  | fragments of varying range/damage.
 14071 | D:9      | Killed a two-headed ogre
 14072 | D:9      | Reached skill level 5 in Stealth
 14145 | D:10     | Entered Level 10 of the Dungeon
 14918 | D:10     | Found a staircase to the Orcish Mines.
 14961 | D:10     | Noticed Harold
 14967 | D:10     | Killed Harold
 14971 | D:10     | Reached skill level 10 in Spellcasting
 15773 | D:10     | Found a sparkling altar of Nemelex Xobeh.
 15880 | D:11     | Found a frozen archway.
 15888 | IceCv    | Entered an ice cave
 15898 | IceCv    | Reached ** piety under Makhleb
 15905 | IceCv    | Reached skill level 1 in Evocations
 16520 | IceCv    | Engulfed by a cloud of freezing vapour

Illustrated notes

Levels and vault maps discovered:
D:1:      dpeg_arrival_simpleton_b, layout_basic,
          hellmonk_ecumenical_altar_arch_garden, minmay_misc_feat_rugged
D:2:      layout_basic, basic_altar, uniq_robin
D:3:      layout_loops_cross, overflow_temple_1_default, goddamned_bats,
          uniq_grinder, uniq_natasha
D:4:      layout_loops_ring, regret_index_temple_of_mockery,
          nicolae_overflow_hidden_temple, lemuel_coloured_pillars_altar,
          pdpol_wu_jian_five_deadly_venoms
D:5:      layout_cave_pools, elyvilon_altar_4, slow_altar_1,
          general_overflow_altar, sigmund_army
D:6:      layout_loops_ring, grunt_qazlal_clouds, uniq_edmund
D:7:      layout_loops_ring, yredelemnul_altar_generic, amcnicky_altar_gilded,
          minmay_temple_entry_statues_pillars,
          eino_small_chamber_without_monster, kennysheep_donut, uniq_pikel
D:8:      layout_basic
D:9:      layout_loops_ring, minmay_lair_entry_grove
D:10:     layout_long_grid, nemelex_spade_bored_becter, david_orc_3,
          serial_glass, glass_columns_a, glass_columns_b,
          minmay_strange_pillars, uniq_harold
D:11:     layout_irregular_city, enter_bailey_5,
          portal_ice_cave_entry_pillars_2, nrook_campfire, minivault_20
Temple:   compressed_dpeg_triangle_lava_temple
IceCv:    ice_cave_caverns_02

Skill      XL: |  1  2  3  4  5  6  7  8  9 10 11 |
---------------+----------------------------------+-----
Spellcasting   | 3 4 5 6 8 9 10 | 10.0
Fighting       | 5 6 8 |  8.0
Stealth        | 3 4 5 |  5.0
Dodging        | 5 6 8 |  8.7
Evocations     | 1 |  1.2

Action                   |  1- 3 |  4- 6 |  7- 9 | 10-12 || total
-------------------------+-------+-------+-------+-------++-------
Melee: Dagger            |     3 |       |       |       ||     3
       Unarmed           |       |       |     6 |     1 ||     7
 Cast: Shock             |    70 |    48 |    17 |    25 ||   160
       Airstrike         |       |     3 |   100 |   112 ||   215
       Pain              |       |     6 |     3 |       ||     9
       Static Discharge  |       |     6 |     5 |    10 ||    21
       Searing Ray       |       |     1 |     1 |       ||     2
       Lightning Bolt    |       |       |     7 |    22 ||    29
       Spider Form       |       |       |     2 |     1 ||     3
       Summon Guardian G |       |       |     1 |     2 ||     3
       Lee's Rapid Decon |       |       |       |     4 ||     4
  Use: Potion            |       |     3 |       |       ||     3
       Scroll            |       |       |    11 |     4 ||    15
Armor: Robe              |       |     2 |     3 |     1 ||     6
Dodge: Dodged            |    11 |    14 |    24 |    23 ||    72

Table legend: (Time is in decaauts)
 A = Elapsed time spent in this place.
 B = Non-inter-level travel time spent in this place.
 C = Inter-level travel time spent in this place.
 D = Time resting spent in this place.
 E = Time spent auto-exploring this place.
 F = Levels seen in this place.
 G = Mean time per level.
                   A        B        C        D        E       F      G
               +--------+--------+--------+--------+--------+-----+--------+
         Total |  16537 |  15798 |    739 |   5241 |   9285 |  13 | 1272.1 |
       Dungeon |  15595 |  14887 |    708 |   4661 |   8991 |  11 | 1417.7 |
        Temple |    310 |    279 |     31 |      0 |    278 |   1 |  310.0 |
      Ice Cave |    631 |    631 |      0 |    580 |     16 |   1 |  631.0 |
               +--------+--------+--------+--------+--------+-----+--------+

Top non-repeatable levels by time:
     D:6: 2026 daAuts
     D:2: 2013 daAuts
     D:9: 1991 daAuts
     D:3: 1953 daAuts
     D:5: 1813 daAuts
     D:8: 1402 daAuts
     D:4: 1368 daAuts
    D:10: 1048 daAuts
     D:7: 1021 daAuts
     D:1: 936 daAuts
   IceCv: 631 daAuts
  Temple: 310 daAuts
    D:11: 18 daAuts
